 Dungeon Crawl Stone Soup version 0.30.0-3-ga4e48a9924 (webtiles) character file.

Game seed: 12829944895953776366

632 Persephone the Chopper (level 7, 0/41 HPs)
             Began as a Gargoyle Fighter on May 7, 2023.
             Slain by a gnoll
             ... wielding a +0 flail of protection
              (3 damage)
             ... on level 4 of the Dungeon.
             The game lasted 00:05:24 (2294 turns).

Persephone the Chopper (Gargoyle Fighter)           Turns: 2294, Time: 00:05:25

Health: 0/41       AC: 17    Str: 22    XL:     7   Next: 49%
Magic:  7/7        EV:  6    Int:  8    God:
Gold:   237        SH:  4    Dex:  9    Spells: 6/6 levels left

rFire   . . .        a - +0 war axe
rCold   . . .        c - +0 buckler
rNeg    + . .        t - +0 plate armour
rPois   ∞            (no helmet)
rElec   +            (no cloak)
rCorr   .            p - +0 pair of gloves
SInv    .            (no boots)
Will    .....        (no amulet) Stlth
                     (no ring)
HPRegen 0.26/turn    (no ring)
MPRegen 0.10/turn

%: no passive effects
@: mighty
A: sickness immunity, AC +4, negative energy resistance 1, electricity
resistance, torment resistance 1, petrification resistance
a: no special abilities


You were on level 4 of the Dungeon.
You visited 1 branch of the dungeon, and saw 4 of its levels.

You collected 237 gold pieces.

Inventory:

Hand Weapons
 a - a +0 war axe (weapon)
Armour
 b - a +0 scale mail
 c - a +0 buckler (worn)
 p - a +0 pair of gloves (worn)
 t - a +0 plate armour (worn)
Jewellery
 n - a ring of magical power
Scrolls
 e - 3 scrolls of enchant weapon {unknown}
 f - 7 scrolls of teleportation {unknown}
 g - 11 scrolls of identify {unknown}
 h - 3 scrolls of amnesia {unknown}
 k - a scroll of vulnerability {unknown}
 l - 2 scrolls of fear {unknown}
 m - a scroll of noise {unknown}
 o - a scroll of fog {unknown}
 s - a scroll of magic mapping {unknown}
Potions
 i - a potion of flight {unknown}
 q - a potion of resistance {unknown}
 r - a potion of ambrosia {unknown}


   Skills:
 - Level 3.2 Fighting
 + Level 7.4 Axes
 - Level 3.2 Armour
 - Level 3.2 Shields


You had 6 spell levels left.
You didn't know any spells.
Your spell library contained the following spells:

 Spells                   Type           Power      Damage    Failure   Level
 Magic Dart               Conj           0%         1d3       100%        1
 Necrotise                Necr           0%         1d4       100%        1
 Searing Ray              Conj           0%         2d4       100%        2
 Vampiric Draining        Necr           0%         2d6       100%        3
 Fulminant Prism          Conj/Hex       0%         3d5       100%        4
 Agony                    Necr           0%         N/A       100%        5


Dungeon Overview and Level Annotations

Branches:
Dungeon (4/15)
 Temple: D:4-7

Altars:
Okawaru
Ru
Wu Jian
Xom

Shops:
D:3 ?


Innate Abilities, Weirdness & Mutations

You are immune to sickness and miasma.
Your stone body is resilient. (AC +4)
You are immune to poison.
You resist negative energy. (rN+)
You are resistant to electric shocks. (rElec)
You are resistant to unholy torment.
You are immune to petrification.


Message History

The gnoll hits you with a +0 flail of protection.
The gnoll hits you but does no damage.
You slash the gnoll!
You kill the gnoll!
You hit the gnoll.
The gnoll hits you from afar with a +0 spear!
* * * LOW HITPOINT WARNING * * *
The gnoll hits you with a +0 flail of protection.
* * * LOW HITPOINT WARNING * * *
You feel better. You block the gnoll's attack. The gnoll closely misses you.
You barely miss the gnoll.
The gnoll is lightly wounded.
The gnoll hits you but does no damage. x2; The gnoll barely misses you.
The gnoll hits you from afar with a +0 spear.
* * * LOW HITPOINT WARNING * * *
You closely miss the gnoll.
The gnoll is lightly wounded.
The gnoll hits you from afar with a +0 spear.
* * * LOW HITPOINT WARNING * * *
The gnoll hits you with a +0 flail of protection.
* * * LOW HITPOINT WARNING * * *
You feel better.
The gnoll hits you from afar with a +0 spear.
* * * LOW HITPOINT WARNING * * *
The gnoll completely misses you.
You slash the gnoll!
The gnoll is severely wounded.
The gnoll closely misses you. The gnoll barely misses you.
You barely miss the gnoll.
The gnoll is severely wounded.
The gnoll hits you from afar with a +0 spear.
* * * LOW HITPOINT WARNING * * *
The gnoll hits you but does no damage.
You feel very mighty all of a sudden. The gnoll hits you but does no damage.
The gnoll closely misses you.
You closely miss the gnoll.
The gnoll is severely wounded.
The gnoll hits you but does no damage.
The gnoll hits you with a +0 flail of protection.
You die...

##... .....### #####
##......###.#.##
................#
..................#
.........>.....#..### .
#..................## .
#............@).....# .
#..........##.g...###
.###.......#.###.g....#
.............# #......#
............##
##......# ....)...#.#.#
.....## ...#....#####
..#.## #..#.....###
.#### #..###.....#


You could see 2 gnolls.

Vanquished Creatures
  Pikel (D:4)
  A lemure (D:4)
  A hound (D:2)
  5 gnolls (D:4)
  An adder (D:2)
  4 dart slugs
  An orc (D:4)
  4 endoplasms
  3 giant cockroaches
  4 goblins
  8 hobgoblins
  4 jackals (D:4)
  7 kobolds
  2 quokkas (D:1)
  8 ball pythons
  5 bats
  2 frilled lizards (D:1)
  6 rats
67 creatures vanquished.

Notes
Turn   | Place    | Note
-------+----------+-------------------------------------------
     0 | D:1      | Persephone the Gargoyle Fighter began the quest for the
                  | Orb.
     0 | D:1      | Reached XP level 1. HP: 14/14 MP: 1/1
    38 | D:1      | Reached skill level 2 in Axes
   121 | D:1      | Reached XP level 2. HP: 19/19 MP: 2/2
   254 | D:1      | Reached skill level 3 in Axes
   390 | D:1      | Reached XP level 3. HP: 23/23 MP: 3/3
   713 | D:2      | Reached XP level 4. HP: 26/28 MP: 4/4
   765 | D:2      | Reached skill level 4 in Axes
  1366 | D:3      | Found Oluanoish's Magic Scroll Shoppe.
  1592 | D:3      | Found an ornate altar of the Wu Jian Council.
  1729 | D:3      | Found a sacrificial altar of Ru.
  1760 | D:3      | Found a shimmering altar of Xom.
  2075 | D:4      | Found an iron altar of Okawaru.
  2094 | D:4      | Noticed a lemure
  2109 | D:4      | Killed a lemure
  2116 | D:4      | Noticed Pikel
  2128 | D:4      | Noticed a lemure
  2128 | D:4      | Noticed a lemure
  2130 | D:4      | Noticed a lemure
  2140 | D:4      | Killed Pikel
  2141 | D:4      | Reached skill level 7 in Axes
  2141 | D:4      | Reached XP level 5. HP: 19/32 MP: 5/5
  2141 | D:4      | Reached XP level 6. HP: 22/37 MP: 6/6
  2141 | D:4      | Reached XP level 7. HP: 24/41 MP: 7/7
  2289 | D:4      | HP: 2/41 [gnoll/+0 flail of protection (6)]
  2294 | D:4      | Slain by a gnoll

Illustrated notes

Levels and vault maps discovered:
D:1:      lemuel_arrival_river_passageway, layout_rooms, minmay_pentomino_v2
D:2:      layout_basic
D:3:      layout_basic, mainiacjoe_overflow_cross_hatched,
          nzn_wu_jian_contemplation, lemuel_doored_altar, serial_shops,
          shop_statue
D:4:      layout_cave_pools, mainiacjoe_overflow_concentric_impassable,
          uniq_pikel, uniq_crazy_yiuf_cottage

Skill      XL: |  1  2  3  4 |
---------------+-------------+-----
Axes           | 2 3 7 |  7.4
Fighting       | |  3.2
Armour         | |  3.2
Shields        | |  3.2

Action                     |  1- 3 |  4- 6 |  7- 9 || total
---------------------------+-------+-------+-------++-------
  Melee: War axe           |    87 |    85 |    32 ||   204
    Use: Potion            |       |     2 |     3 ||     5
 Armour: Scale mail        |    60 |    52 |     3 ||   115
         Plate armour      |       |       |    12 ||    12
  Dodge: Dodged            |    46 |    55 |    19 ||   120
  Block: Buckler           |    15 |    21 |     3 ||    39
